 Dungeon Crawl Stone Soup version 0.22-a0-109-gbeb7240 (webtiles) character file.

168 Kavrick the Skirmisher (level 5, -4/46 HPs)
             Began as a Draconian Fighter on Jan 26, 2018.
             Killed by divine providence
             ... invoked by an orc priest
              (13 damage)
             ... on level 3 of the Dungeon.
             The game lasted 00:03:31 (2114 turns).

Kavrick the Skirmisher (Draconian Fighter)          Turns: 2114, Time: 00:03:32

Health: -4/46      AC:  5    Str: 19    XL:     5   Next: 24%
Magic:  5/5        EV: 11    Int:  8    God:
Gold:   162        SH:  9    Dex: 11    Spells: 4/4 levels left

rFire    . . .     SeeInvis .   a - +0 trident
rCold    . . .     Gourm    .   b - +0 shield
rNeg     . . .     Faith    .   (armour unavailable)
rPois    .         Spirit   .   (helmet restricted)
rElec    .         Reflect  .   (no cloak)
rCorr    .         Harm     .   (no gloves)
MR       .....                  (no boots)
Stlth    +.........             (no amulet)
HPRegen  0.15/turn              (no ring)
MPRegen  0.09/turn              (no ring)

@: no status effects
A: unfitting armour, cold-blooded, AC +5
a: no special abilities


You were on level 3 of the Dungeon.
You were not hungry.

You visited 1 branch of the dungeon, and saw 3 of its levels.

You collected 162 gold pieces.

Inventory:

Hand Weapons
 a - a +0 trident (weapon)
Armour
 b - a +0 shield (worn)
Jewellery
 g - an uncursed ring of stealth {unknown}
 v - an uncursed amulet of the gourmand {unknown}
Scrolls
 f - 4 scrolls of identify {unknown}
 h - 2 scrolls of amnesia {unknown}
 j - a scroll of enchant weapon {unknown}
 k - a scroll of random uselessness {unknown}
 l - 2 scrolls of teleportation {unknown}
 o - a scroll of remove curse {unknown}
 p - a scroll of blinking {unknown}
 s - a scroll of immolation {unknown}
 t - a scroll of enchant armour {unknown}
Potions
 c - 2 potions of might
 e - 2 potions of curing {unknown}
 i - a potion of berserk rage {unknown}
 m - a potion of heal wounds {unknown}
 q - a potion of flight {unknown}
 u - a potion of agility {unknown}
Books
 n - a book of Minor Magic

   Spells                             Type                      Level
   a - Magic Dart                     Conjuration                  1
   b - Blink                          Translocation                2
   c - Call Imp                       Summoning                    2
   d - Slow                           Hexes                        2
   e - Conjure Flame                  Conjuration/Fire             3
   f - Mephitic Cloud                 Conjuration/Poison/Air       3
Comestibles
 d - 7 rations
 r - a chunk of flesh


   Skills:
 + Level 4.1 Fighting
 * Level 3.8 Polearms
 + Level 3.3 Dodging
 + Level 3.7 Shields


You had 4 spell levels left.
You didn't know any spells.

Dungeon Overview and Level Annotations

Branches:
Dungeon (3/15)

Altars:
Nemelex Xobeh
Uskayaw


Innate Abilities, Weirdness & Mutations

Your plain brown scales are hard. (AC +5)
You cannot fit into any form of body armour.
You are cold-blooded and may be slowed by cold attacks.


Message History

The orc wizard hits you with a dagger. The orc hits you with a falchion.
* * * LOW HITPOINT WARNING * * *
You bump into the rock wall.
The orc wizard hits you but does no damage.
The orc priest calls upon Beogh to heal the orc wizard.
The orc wizard's wounds heal themselves!
The orc hits you but does no damage.
Some of the chunks of flesh in your inventory have rotted away.
You hit the orc. You tail-slap the orc.
The orc is almost dead.
The orc wizard hits you but does no damage.
You feel less confused.
You barely miss the orc wizard. You tail-slap the orc wizard.
The orc wizard is lightly wounded.
The orc priest calls upon Beogh to heal the orc wizard.
The orc wizard's wounds heal themselves!
You closely miss the orc wizard.
The orc priest calls down the wrath of Beogh upon you.
Beogh smites you!
You die...

## ... #################
.... ................#
.....
................####......
.................oo)......
................@o.)>##...
......................#
......................+
....................#.#
....................#...
....................# ...
....................# ...
....................#
..................


You could see an orc priest, an orc wizard and an orc.

Vanquished Creatures
  An orc priest (D:3)
  Jessica (D:2)
  4 adders (D:3)
  5 worms
  2 dart slugs (D:1)
  2 leopard geckos (D:1)
  6 orcs (D:3)
  2 bats (D:1)
  3 giant cockroaches
  7 goblins
  3 hobgoblins
  4 jackals (D:3)
  4 kobolds
  2 frilled lizards
  8 rats
54 creatures vanquished.

Notes
Turn   | Place    | Note
-------+----------+-------------------------------------------
     0 | D:1      | Kavrick the Draconian Fighter began the quest for the Orb.
     0 | D:1      | Reached XP level 1. HP: 19/19 MP: 1/1
   143 | D:1      | Reached XP level 2. HP: 26/26 MP: 2/2
   623 | D:2      | Found a sparkling altar of Nemelex Xobeh.
   679 | D:2      | Noticed Jessica
   701 | D:2      | Killed Jessica
   701 | D:2      | Reached XP level 3. HP: 14/33 MP: 3/3
   864 | D:2      | Found a hide-covered altar of Uskayaw.
   865 | D:2      | Noticed a hand axe
   866 | D:2      | Noticed a dagger
  1296 | D:3      | Reached XP level 4. HP: 36/40 MP: 4/4
  1661 | D:3      | Reached skill level 4 in Fighting
  1882 | D:3      | Reached XP level 5. HP: 46/46 MP: 5/5
  2114 | D:3      | Killed from afar by an orc priest

Vault maps used:
D:1:      lemuel_arrival_muddy
D:2:      nicolae_overflow_hidden_temple, dancing_weapons_uskayaw,
          minmay_tree_intersection, uniq_jessica
D:3:      makhleb_blood_cavern_becter

Skill      XL: |  1  2  3  4 |
---------------+-------------+-----
Polearms       | 3 |  3.8
Dodging        | 3 |  3.3
Fighting       | 4 |  4.1
Shields        | |  3.7

Action                   |  1- 3 |  4- 6 || total
-------------------------+-------+-------++-------
Melee: Trident           |   102 |    96 ||   198
       Tailslap          |    13 |    12 ||    25
 Stab: Sleeping          |       |     1 ||     1
  Eat: Chunk             |     1 |     3 ||     4
Armor: Skin              |    17 |    22 ||    39
Dodge: Dodged            |    30 |    42 ||    72
Block: Shield            |    31 |    46 ||    77

Table legend:
 A = Spawn XP
 B = Non-spawn XP
 C = Spawn XP percentage of total XP
 D = Spawn monster count
 E = Non-spawn monster count
 F = Spawn count percentage of total count
 G = Total turns spent on level
                    A         B        C        D         E        F      G
               +---------+---------+-------+---------+---------+-------+---------
         Total |       0 |     241 |   0.0 |       0 |      54 |   0.0 |  2114
               +---------+---------+-------+---------+---------+-------+---------
           D:1 |       0 |      31 |   0.0 |       0 |      15 |   0.0 |   544
           D:2 |       0 |      59 |   0.0 |       0 |      13 |   0.0 |   729
           D:3 |       0 |     151 |   0.0 |       0 |      26 |   0.0 |   841
               +---------+---------+-------+---------+---------+-------+---------
